Unix NetHack Version 3.7.0-59 Work-in-progress - last build May 22 2022 07:16:55 (d83f55cc88dfe54b56df59a0ae15379164b6fae3,branch:master). Game began 2022-05-17 10:02:33, ended 2022-05-22 19:17:04. ang3l, lawful female dwarven Valkyrie --------- |.......| |.......| |..._...| |.......| | |.......| | @OO1.1 | |. ----.---- .| 5@@.a@w - .| | |.....%.%.....| @1B1A@&@a1@@....A..._...| ---.....%...--- .@@1@1Aaa - 5| | -----|----- -Ea41OHa 4 .....-- ----H-- 5 --- ......-- ----311- 5 ...| .....%.|...5.5 5.. 5 ...-- ...[.)--...5.... ....-- .....--..... ... ...----|----.... ..........%... ------------ Ang3l the Swashbuckler St:25 Dx:17 Co:20 In:12 Wi:16 Ch:12 Lawful S:1608212 Astral Plane $:0 HP:0(277) Pw:46(46) AC:-21 Xp:21/10100514 T:72957 TermIll Latest messages: Pestilence touches you! You are at Death's door. What do you want to use or apply? Nothing seems to happen. The soldier ant misses! The soldier ant just misses! The soldier ant bites! The soldier ant misses! The soldier ant misses! The soldier ant misses! Pestilence reaches out, and you feel fever and chills. You feel much worse. Pestilence touches you! The priest of Moloch swings his mace. The priest of Moloch hits! The priest of Moloch kicks! The priest of Moloch casts a spell at you! A sudden geyser slams into you from nowhere! The Angel of Moloch swings his long sword. The Angel of Moloch hits! The Angel of Moloch swings his long sword. The Angel of Moloch hits! The Angel of Moloch misses! The Angel of Moloch casts a spell at you! You are hit by a shower of missiles! The missiles bounce off! The magic missile hits the hill giant! The magic missile hits the Angel of Moloch. The magic missile hits you! But it reflects from your armor! The Angel of Moloch zaps you with a magic missile! The magic missile hits Pestilence! The magic missile whizzes by you! The magic missile hits it. The magic missile hits the priestess of Odin! The magic missile hits the priest of Loki. The giant ant bites! The soldier ant just misses! The soldier ant misses! Pestilence reads a scroll of create monster! An Elvenqueen suddenly appears close by! An ogre king suddenly appears close by! An ogre queen suddenly appears close by! An Elvenking suddenly appears close by! A titan suddenly appears close by! A purple worm suddenly appears next to you! An ogre queen suddenly appears close by! A vampire bat suddenly appears close by! A fire elemental suddenly appears close by! You die from your illness. Major events: Turn 1: ang3l the lawful dwarven Valkyrie entered the dungeon 1553: attained the rank of Skirmisher (level 3) 2013: entered the Gnomish Mines 4162: attained the rank of Fighter (level 6) 4318: destroyed ang3l's ghost, the former Skirmisher 5444: endured an absurd aquatic ceremony, and now wields Excalibur 8604: entered Sokoban 9032: completed sokoban 1 9633: completed sokoban 2 10513: completed sokoban 3 11719: completed sokoban 4 11832: attained the rank of Woman-at-arms (level 10) 12096: acquired the Sokoban bag of holding 12248: found Sunsword carried by a monster 14859: reached Mine Town 17512: acquired the Mines' End luckstone 18704: bestowed with Mjollnir by Tyr 31392: made her first wish - "blessed greased fixed +2 silver dragon scale mail" 32726: attained the rank of Warrior (level 14) 33295: killed Medusa 35453: entered Gehennom 41792: found the Orb of Fate on the floor 42180: killed Lord Surtur 42182: acquired the Bell of Opening 46733: wished for "blessed fireproof +3 cloak of magic resistance" 46738: wished for "2 blessed scrolls of genocide" 46739: performed her first genocide (class L) 49309: just blew up her bag of holding 53064: genocided class R 53930: killed Juiblex 54949: killed the invisible Asmodeus 57363: killed the invisible Baalzebub 57607: genocided master mind flayers 57681: killed the invisible Dispater 59741: wished for "uncursed magic marker" 60850: destroyed Vlad the Impaler 60851: acquired the Candelabrum of Invocation 63954: attained the rank of Swashbuckler (level 18) 65082: killed the invisible Orcus 67820: killed the invisible Wizard of Yendor 68818: acquired the Book of the Dead 69341: killed the Wizard of Yendor (2nd time) 69860: wished for "7 candles" 69890: performed the invocation 70465: killed the high priest of Moloch 70468: acquired The Amulet of Yendor 71414: killed the Wizard of Yendor (3rd time) 71588: wished for "blessed ring of levitation" 71666: killed the Wizard of Yendor (5th time) 72523: entered the Elemental Planes 72523: entered Plane of Earth 72595: entered Plane of Air 72640: entered Plane of Fire 72803: entered Plane of Water 72873: entered the Astral Plane 72892: killed the invisible Famine 72914: killed the invisible Famine (2nd time) 72957: poisoned by Pestilence Inventory: Amulets ('"') I - an uncursed amulet of life saving w - an uncursed amulet of magical breathing (being worn) p - the uncursed Amulet of Yendor named real Weapons (')') a - the blessed rustproof +7 Excalibur (wielded in right hand) g - the uncursed rustproof +3 Mjollnir G - a blessed +6 silver saber (wielded in left hand) Armor ('[') E - an uncursed thoroughly burnt +2 elven leather helm (being worn) T - a blessed corroded +2 pair of gauntlets of power (being worn) Y - an uncursed +0 pair of jumping boots named jumping (being worn) u - a blessed fireproof +3 pair of speed boots e - a cursed fireproof +3 cloak of magic resistance (being worn) A - a blessed +5 T-shirt with text "Yendor Military Soldiers Do It In Large Groups" (being worn) x - a blessed +5 set of silver dragon scales (being worn) Potions ('!') y - a blessed potion of full healing Rings ('=') M - a cursed ring of conflict (on left hand) Z - an uncursed ring of free action q - a blessed ring of levitation c - an uncursed ring of slow digestion (on right hand) Wands ('/') f - an uncursed wand of cancellation (0:2) D - an uncursed wand of death (0:0) l - an uncursed wand of digging (1:1) K - an uncursed wand of lightning (0:6) v - an uncursed wand of magic missile (0:1) U - an uncursed wand of striking (0:3) o - a cursed wand of striking (0:0) k - an uncursed wand of teleportation (0:3) z - an uncursed wand of teleportation (0:0) H - an uncursed wand of teleportation (0:0) Tools ('(') i - a blessed greased bag of holding containing 56 items t - an uncursed sack containing 1 item B - an uncursed bugle C - an uncursed magic marker (1:5) j - the blessed Orb of Fate (0:5) F - an uncursed skeleton key d - an uncursed moist towel R - an uncursed +0 unicorn horn Contents of the bag of holding: an uncursed amulet of guarding an uncursed amulet of life saving an uncursed +0 pair of water walking boots 4 uncursed lumps of royal jelly a blessed tin of spinach an uncursed raven egg an uncursed egg an uncursed lichen corpse named 9AC pois schck sleep SInv disint an uncursed lizard corpse 37 uncursed scrolls of blank paper 8 cursed scrolls of blank paper a blessed scroll of destroy armor an uncursed scroll of destroy armor 4 uncursed scrolls of earth 2 uncursed scrolls of food detection a blessed scroll of identify an uncursed scroll of identify an uncursed scroll of identify an uncursed scroll of taming 6 blessed scrolls of teleportation an uncursed scroll of teleportation 18 uncursed scrolls of teleportation 3 cursed scrolls of teleportation an uncursed potion of confusion 7 uncursed potions of full healing an uncursed diluted potion of full healing an uncursed potion of gain level an uncursed potion of levitation 13 potions of holy water 3 potions of unholy water an uncursed ring of aggravate monster an uncursed ring of conflict an uncursed ring of regeneration an uncursed ring of slow digestion an uncursed ring of slow digestion an uncursed ring of teleport control a cursed wand of fire (0:8) an uncursed wand of lightning (0:6) an uncursed wand of lightning (0:2) an uncursed wand of lightning (0:2) an uncursed wand of magic missile (0:8) an uncursed wand of magic missile (0:8) an uncursed wand of magic missile (0:7) an uncursed wand of magic missile (0:4) an uncursed wand of sleep (0:7) an uncursed wand of sleep (0:6) an uncursed wand of striking (0:4) an uncursed wand of wishing (1:2) an uncursed can of grease (0:5) an uncursed black opal 7 uncursed black opals 2 uncursed diamonds 7 uncursed diamonds 4 uncursed emeralds 6 uncursed rubies an uncursed ruby Contents of the sack: 2 uncursed scrolls of blank paper Ang3l the Valkyrie's attributes: Background: You were a Swashbuckler, a level 21 dwarven Valkyrie. You were lawful, on a mission for Tyr who was opposed by Odin (neutral) and Loki (chaotic). You were in the endgame, on the Astral Plane. You entered the dungeon 72957 turns ago. You had 10100514 experience points, 9899486 more were needed for level 22. Your score was 1608212 before end-of-game adjustments. Basics: You had 0 out of 277 hit points. You had all 46 energy points (spell power). Your armor class was -21. Your wallet was empty. Autopickup was off. Final Characteristics: Your strength was 25 (base:18/41, innate limit:18/100). Your dexterity was 17 (peak:19, limit:20). Your constitution was 20 (limit:20). Your intelligence was 12 (peak:13, limit:16). Your wisdom was 16 (limit:16). Your charisma was 12 (limit:16). Final Status: You died from terminal illness. You were not hungry. You were unencumbered. You were wielding two weapons at once. Your skill in long sword was limited by being skilled with two weapons. Your two weapon skill was limited by being basic with saber. Final Attributes: You were piously aligned. You were magic-protected. You were fire resistant. You were cold resistant. You were sleep resistant. You were disintegration-resistant. You were shock resistant. You were poison resistant. You were level-drain resistant. You saw invisible. You were warned. You had automatic searching. You had infravision. You were invisible to others. You were stealthy. You caused conflict. You could jump. You could survive without air. You had slower digestion. You had a moderate defense bonus (+9). You were warded. You took half physical damage. You took half spell damage. You were very fast. You had reflection. You were extremely lucky. You had extra luck. Good luck did not time out for you. You are dead. Miscellaneous: You encountered 1 bones level. Total elapsed playing time was 1 day, 4 hours, 34 minutes and 18 seconds. Vanquished creatures: Asmodeus Baalzebub Dispater Orcus Juiblex the Wizard of Yendor (6 times) Famine (twice) Vlad the Impaler a high cleric 3 mastodons Medusa 8 krakens 2 iron golems 3 storm giants 5 balrogs 4 purple worms 3 gray dragons 2 silver dragons 4 red dragons 3 white dragons 3 orange dragons 7 black dragons 6 blue dragons 3 green dragons 3 yellow dragons 11 minotaurs 4 jabberwocks Lord Surtur 9 baluchitheria 2 Angels a demilich 5 stone golems a master mind flayer 9 Olog-hai 7 Nazgul 12 pit fiends 7 sandestins 10 hell hounds 5 displacer beasts 9 titanotheres 8 trappers a baby gold dragon a baby black dragon 2 baby yellow dragons a guardian naga 8 genetic engineers 2 disenchanters 33 vampire leaders 5 skeletons 10 aligned clerics 5 captains 6 shades 4 liches 3 clay golems 8 nurses 8 ice devils 3 nalfeshnees 5 lurkers above 3 Aleaxes 3 frost giants 7 ettins 15 black puddings 28 vampires 14 lieutenants 37 ghosts a rogue 2 queen bees 10 winged gargoyles 8 mind flayers 12 giant mimics 11 long worms 11 zruties 40 fire giants 9 ogre tyrants 5 ice trolls 10 rock trolls 8 umber hulks 4 flesh golems 7 elven monarchs 3 doppelgangers 9 hezrous 11 bone devils 13 large mimics 11 wumpuses 9 fire vortices 23 stalkers 13 air elementals 9 fire elementals 5 earth elementals 8 water elementals 9 hill giants 5 giant mummies 2 black nagas 6 xorns 23 giant zombies 24 elf-nobles 16 sergeants a water demon 9 barbed devils 19 vrocks 6 salamanders 19 wargs 3 winter wolves 12 hell hound pups 27 small mimics 2 glass piercers 7 warhorses 7 steam vortices 21 xans 8 ettin mummies 11 ogre leaders 17 quantum mechanics 13 trolls 2 sasquatches 4 wood golems 3 erinyes 5 mariliths 6 sharks 10 gelatinous cubes 4 pyrolisks 5 large dogs 8 freezing spheres 14 flaming spheres 6 shocking spheres 7 large cats 5 tigers 16 gargoyles 9 ochre jellies 10 leocrottas 7 mountain centaurs 3 stone giants 7 elf mummies 3 human mummies 7 red nagas 3 green slimes 14 pythons 11 pit vipers 10 cobras 60 wraiths 2 carnivorous apes 27 ettin zombies 4 leather golems 30 Grey-elves 56 soldiers 10 amorous demons 8 horned devils 6 chameleons 3 crocodiles 36 giant beetles 11 quivering blobs 20 cockatrices 16 wolves 12 winter wolf cubs 8 lynxes 2 panthers 51 gremlins 5 spotted jellies 54 leprechauns 6 orc-captains 5 iron piercers 7 mumakil 10 giant spiders 17 scorpions 7 horses 5 ice vortices 8 black lights 17 vampire bats 7 forest centaurs 4 orc mummies 7 dwarf mummies 7 ogres 6 brown puddings 6 rust monsters 12 owlbears 6 yetis 5 gold golems 4 werewolves 17 Green-elves 2 piranha 15 giant eels 17 lizards 7 chickatrices 5 dingoes 6 dogs 9 housecats 10 jaguars 6 blue jellies 5 gray unicorns 2 black unicorns 10 dust vortices 4 ravens 6 plains centaurs 2 gnome mummies 11 snakes 5 water moccasins 15 apes 24 human zombies 6 rope golems 16 Woodland-elves 37 soldier ants 89 fire ants 6 bugbears 4 imps 3 lemures 6 quasits 5 wood nymphs 8 water nymphs 4 mountain nymphs 52 Mordor orcs 28 Uruk-hai 4 orc shamans 10 rock piercers 8 rock moles 7 ponies 8 fog clouds 12 yellow lights 5 shriekers 8 violet fungi 4 gnome leaders 2 kobold mummies a red naga hatchling 4 black naga hatchlings 6 gray oozes a barrow wight 20 elf zombies 18 ghouls 4 paper golems 5 jellyfish 35 giant ants 4 little dogs 11 floating eyes 2 kittens 2 dwarves 12 homunculi 3 kobold leaders 3 kobold shamans 22 hill orcs 21 rothes 2 rabid rats 5 centipedes 4 giant bats a monkey 14 orc zombies 16 dwarf zombies 3 wererats 3 werejackals 16 iguanas 121 killer bees 3 acid blobs 2 coyotes 2 gas spores 2 hobbits 27 manes 5 large kobolds 13 hobgoblins 8 giant rats 17 cave spiders a brown mold 3 yellow molds a green mold 3 red molds 12 gnomes 3 garter snakes 19 gnome zombies 10 geckos 10 jackals 2 foxes 2 kobolds 5 goblins 5 sewer rats 10 grid bugs 3 bats 14 lichens 15 kobold zombies 20 newts 2739 creatures vanquished. Genocided or extinct species: killer bees (extinct) master mind flayers liches demiliches master liches arch-liches rust monsters disenchanters erinyes (extinct) 7 species genocided. 2 species extinct. Voluntary challenges: You read items or engraved 122 times. You engraved Elbereth 15 times. You genocided 7 types of monsters. You used 6 wishes. You did not wish for any artifacts. You violated the special Sokoban rules twice. Achievements: You attained the rank of Skirmisher. You entered the Gnomish Mines. You attained the rank of Fighter. You entered Sokoban. You attained the rank of Woman-at-arms. You completed Sokoban. You entered Minetown. You entered a shop. You entered a temple. You completed the Gnomish Mines. You attained the rank of Warrior. You defeated Medusa. You learned the tune to open and close the Castle's drawbridge. You entered Gehennom. You handled the Bell of Opening. You handled the Candelabrum of Invocation. You attained the rank of Swashbuckler. You handled the Book of the Dead. You gained access to Moloch's Sanctum. You had the Amulet of Yendor. You reached the Elemental Planes. You reached the Astral Plane. The Elemental Planes: Astral Plane: <- You were here. Some altars. Final resting place for you, poisoned by Pestilence. Plane of Water: Plane of Fire: Plane of Air: Plane of Earth: The Dungeons of Doom: levels 1 to 29 Level 1: An altar to Tyr, a fountain. One way stairs up to The Elemental Planes. Level 2: An altar, a fountain. Level 3: An altar. Stairs down to The Gnomish Mines. Level 4: "Stash w bones" Level 5: Final resting place for ang3l-Val-Dwa-Fem-Law, killed by a rothe. Level 6: An altar, a grave. Level 7: Level 8: An altar, a sink. Level 9: A fountain. Oracle of Delphi. Level 10: A fountain. Stairs up to Sokoban, level 9. Level 11: Level 12: Some shops, a temple to Tyr. Level 13: Level 14: A grave. Level 15: A fountain, a grave. Level 16: A primitive area. Portal to The Quest. Level 17: A fountain. Level 18: Level 19: A fountain. Level 20: Level 21: A shop, a fountain. Level 22: "SHASH" A throne, a fountain. Level 23: A potion shop, a fountain. Level 24: A sink. Level 25: A fountain. Level 26: Some fountains, many trees. Level 27: Level 28: Level 29: A fountain. The castle (play notes "AEDGB" to open or close drawbridge). Connection to Gehennom. Gehennom: levels 30 to 50 Level 30: "Stash -> scrolls, rnd, temple" A temple, many graves. Valley of the Dead. Level 31: Level 32: Level 33: Many fountains. Level 34: Level 35: Level 36: Level 37: Level 38: Stairs up to Vlad's Tower, level 37. Level 39: Level 40: Level 41: Level 42: Level 43: Level 44: Some shops, an altar, some graves. Level 45: Level 46: Level 47: Level 48: Level 49: Level 50: A temple, many graves. Moloch's Sanctum. The Gnomish Mines: levels 4 to 11 Level 4: Level 5: Level 6: Level 7: Many shops, a temple to Tyr, many fountains. Level 8: Level 9: Level 10: Level 11: A fountain. The Quest: levels 1 to 6 Level 1: A fountain. Completed quest for the Norn. Level 2: Level 3: Level 4: Level 5: Level 6: Sokoban: levels 9 up to 6 Level 6: Solved. Level 7: Solved. Level 8: Solved. Level 9: Solved. Vlad's Tower: levels 37 up to 35 Level 35: Level 36: Level 37: Game over: ---------- / \ / REST \ / IN \ / PEACE \ / \ | ang3l | | 0 Au | | poisoned by | | Pestilence | | | | | | 2022 | *| * * * | * _________)/\\_//(\/(/\)/\//\/|_)_______ Farvel ang3l the Valkyrie... You were poisoned in The Astral Plane with 1608212 points, and 0 pieces of gold, after 72957 moves. You were level 21 with a maximum of 277 hit points when you were poisoned.